 Dungeon Crawl Stone Soup version 0.31-a0-161-gb58dd9be76 (webtiles) character file.

Game seed: 17115139981477938991

912 Newt the Skirmisher (level 8, -1/51 HPs)
             Began as a Kobold Hunter on June 12, 2023.
             Slain by an ogre
             ... wielding a +0 giant club
              (13 damage)
             ... on level 5 of the Dungeon.
             The game lasted 00:04:39 (4692 turns).

Newt the Skirmisher (Kobold Hunter)                 Turns: 4692, Time: 00:04:40

Health: -1/51      AC:  7    Str:  8    XL:     8   Next: 30%
Magic:  8/8        EV: 16    Int: 11    God:
Gold:   93         SH:  0    Dex: 20    Spells: 7/7 levels left

rFire   . . .        a - +1 shortbow
rCold   + . .        (shield currently unavailable)
rNeg    . . .        c - +0 leather armour
rPois   .            d - +0 helmet
rElec   .            p - +1 cloak
rCorr   .            v - +0 pair of gloves
SInv    .            (no boots)
Will    .....        (no amulet)
Stlth   +++          w - ring of protection from cold
HPRegen 0.28/turn    (no ring)
MPRegen 0.11/turn

%: no passive effects
@: no status effects
A: small, no large weapons, nightstalker 3
a: no special abilities


You were on level 5 of the Dungeon.
You visited 1 branch of the dungeon, and saw 5 of its levels.

You collected 193 gold pieces.
You spent 100 gold pieces at shops.

Inventory:

Hand Weapons
 a - a +1 shortbow (weapon)
 l - a +0 sling
Missiles
 s - a throwing net
Armour
 c - a +0 leather armour (worn)
 d - a +0 helmet (worn)
 p - a +1 cloak (worn)
 v - a +0 pair of gloves (worn)
Jewellery
 w - a ring of protection from cold (left hand)
Scrolls
 b - a scroll of butterflies
 g - a scroll of identify
 h - a scroll of enchant armour
 r - a scroll of vulnerability
 t - 3 scrolls of poison
 u - a scroll of teleportation
Potions
 e - 2 potions of might
 f - a potion of attraction
 i - 2 potions of enlightenment {unknown}
 j - 2 potions of curing
 k - 2 potions of heal wounds
 m - a potion of mutation {unknown}
 n - a potion of berserk rage {unknown}
 o - a potion of cancellation {unknown}
 q - a potion of lignification {unknown}


   Skills:
 + Level 5.9 Fighting
 - Level 10.0 Ranged Weapons
 - Level 5.0 Dodging
 - Level 1.3 Stealth


You had 7 spell levels left.
You didn't know any spells.
Your spell library contained the following spells:

 Spells                   Type           Power      Damage    Failure   Level
 Sublimation of Blood     Necr           0%         N/A       61%         2
 Wereblood                Tmut           0%         N/A       61%         2
 Ozocubu's Armour         Ice            0%         N/A       83%         3
 Metabolic Englaciation   Hex/Ice        0%         N/A       100%        5
 Simulacrum               Ice/Necr       0%         N/A       100%        6
 Summon Hydra             Summ           0%         N/A       100%        7


Dungeon Overview and Level Annotations

Branches:
Dungeon (5/15)             Temple (0/1) D:5

Altars:

Shops:
D:4 *   D:5 !


Innate Abilities, Weirdness & Mutations

You are small and have problems with some larger weapons.
You are completely attuned to the shadows.


Message History

w - a ring of protection from cold
w - a ring of protection from cold (left hand)
i - 2 sedimented ruby potions (gained 1)
An ogre comes into view. It is wielding a +0 giant club.
Found a staircase to the Ecumenical Temple.
An ogre is nearby!
An ogre is nearby!
You shoot an arrow. The arrow hits the ogre!
The ogre shouts!
The ogre is moderately wounded.
You shoot an arrow.
The arrow hits the ogre but does no damage.
The ogre is moderately wounded.
No target in view!
No target in view!
No target in view!
The ogre hits you with a +0 giant club!
You shoot an arrow. The arrow hits the ogre.
The ogre is moderately wounded.
The ogre misses you.
You shoot an arrow. The arrow hits the ogre.
The ogre is heavily wounded.
You shoot an arrow. The arrow hits the ogre.
The ogre is heavily wounded.
The ogre hits you with a +0 giant club.
You shoot an arrow. The arrow completely misses the ogre.
The ogre hits you with a +0 giant club!!
Ouch! That really hurt!
* * * LOW HITPOINT WARNING * * *
You are too injured to fight recklessly!
You are too injured to fight recklessly!
You are too injured to fight recklessly!
Unknown command.
You shoot an arrow. The arrow hits the ogre.
The ogre is severely wounded.
Unknown command.
You shoot an arrow. The arrow hits the ogre.
The ogre is severely wounded.
The ogre hits you with a +0 giant club!
You die...

...................#
...................#
#...##..##..####...#
.#.#..#.##.## #.#..#
.z.z#.>#.# ##.##.#
...#...#.# #..##.##
>........####.##...#
.##...............#
#..#@...##..###...#
#..O.#.....# #..<#
..#......### #...#
........ # #...#
...##..# #...# #...#


You could see an ogre and 2 wights.

Vanquished Creatures
  Grinder (D:5)
  A water moccasin (D:5)
  An ice beast (D:5)
  An ogre (D:5)
  A hound (D:3)
  An iguana (D:4)
  Crazy Yiuf (D:2)
  A sleepcap (D:5)
  Jessica (D:2)
  Terence (D:2)
  2 orc wizards (D:3)
  Robin (D:2)
  4 gnolls (D:4)
  6 adders
  An ufetubus (D:4)
  2 worms (D:3)
  4 dart slugs
  12 orcs
  3 ball pythons
  5 bats
  6 endoplasms
  17 goblins
  5 hobgoblins
  8 jackals
  4 kobolds
  3 quokkas
  7 rats
100 creatures vanquished.

Notes
Turn   | Place    | Note
-------+----------+-------------------------------------------
     0 | D:1      | Newt the Kobold Hunter began the quest for the Orb.
     0 | D:1      | Reached XP level 1. HP: 12/12 MP: 1/1
    94 | D:1      | Reached XP level 2. HP: 18/18 MP: 2/2
   336 | D:1      | Reached XP level 3. HP: 23/23 MP: 3/3
   868 | D:2      | Noticed Terence
   873 | D:2      | Killed Terence
   874 | D:2      | Reached XP level 4. HP: 29/29 MP: 4/4
   932 | D:2      | Identified the +1 rapier "Jijadoy" {flame, Int+4}
   961 | D:2      | Reached skill level 6 in Ranged Weapons
   977 | D:2      | Found a runed translucent door.
   980 | D:2      | Noticed Crazy Yiuf
   987 | D:2      | Killed Crazy Yiuf
  1141 | D:2      | Noticed Jessica
  1143 | D:2      | Killed Jessica
  1144 | D:2      | Reached skill level 7 in Ranged Weapons
  1144 | D:2      | Reached XP level 5. HP: 33/33 MP: 5/5
  1236 | D:2      | Noticed Robin
  1238 | D:2      | Killed Robin
  1901 | D:3      | Found a faded altar of an unknown god.
  1940 | D:3      | Reached skill level 8 in Ranged Weapons
  1940 | D:3      | Reached XP level 6. HP: 28/38 MP: 6/6
  2746 | D:3      | Reached skill level 9 in Ranged Weapons
  3228 | D:4      | Found Jeim's Assorted Antiques.
  3283 | D:4      | Bought a scroll labelled UNAIMI TAFRETE for 25 gold pieces
  3369 | D:4      | Reached XP level 7. HP: 20/43 MP: 7/7
  3902 | D:5      | Entered Level 5 of the Dungeon
  3970 | D:5      | Found Dodghubb's Distillery.
  3975 | D:5      | Bought a potion of heal wounds for 75 gold pieces
  3998 | D:5      | Noticed a water moccasin
  4004 | D:5      | Killed a water moccasin
  4005 | D:5      | Reached skill level 10 in Ranged Weapons
  4233 | D:5      | Reached skill level 5 in Dodging
  4233 | D:5      | Reached XP level 8. HP: 46/48 MP: 8/8
  4239 | D:5      | Noticed Grinder
  4263 | D:5      | Killed Grinder
  4264 | D:5      | Reached skill level 5 in Fighting
  4683 | D:5      | Found a staircase to the Ecumenical Temple.
  4692 | D:5      | Slain by an ogre

Illustrated notes

Levels and vault maps discovered:
D:1:      onia_arrival_mini_spirals, layout_loops_ring,
          dreamdust_princess_corridor
D:2:      layout_basic, grunt_decor_one_mirror, uniq_crazy_yiuf_cottage,
          uniq_terence, uniq_robin, uniq_jessica
D:3:      layout_loops_ring, hellmonk_ecumenical_altar_crossroads
D:4:      layout_loops_cross, serial_shops, nicolae_shop_tiny_glass
D:5:      layout_rooms, minmay_temple_entry_mini_moons, serial_shops, shop,
          hex_large, uniq_grinder

Skill      XL: |  1  2  3  4  5  6  7  8 |
---------------+-------------------------+-----
Fighting       | 3 4 5 |  5.9
Ranged Weapons | 7 8 9 10 | 10.0
Dodging        | 5 |  5.0
Stealth        | |  1.3

Action                     |  1- 3 |  4- 6 |  7- 9 || total
---------------------------+-------+-------+-------++-------
  Melee: Shortbow          |       |     1 |       ||     1
   Fire: Shortbow          |    52 |   200 |    75 ||   327
    Use: Potion            |       |     2 |     2 ||     4
         Scroll            |       |    10 |       ||    10
 Armour: Leather armour    |     3 |    29 |     9 ||    41
  Dodge: Dodged            |    11 |    63 |    23 ||    97

Table legend: (Time is in decaauts)
 A = Elapsed time spent in this place.
 B = Non-inter-level travel time spent in this place.
 C = Inter-level travel time spent in this place.
 D = Time resting spent in this place.
 E = Time spent auto-exploring this place.
 F = Levels seen in this place.
 G = Mean time per level.
                   A        B        C        D        E       F      G
               +--------+--------+--------+--------+--------+-----+--------+
         Total |   4673 |   4449 |    224 |    806 |   3069 |   5 |  934.6 |
       Dungeon |   4673 |   4449 |    224 |    806 |   3069 |   5 |  934.6 |
               +--------+--------+--------+--------+--------+-----+--------+

Top non-repeatable levels by time:
     D:4: 1272 daAuts
     D:3: 998 daAuts
     D:2: 985 daAuts
     D:1: 783 daAuts
     D:5: 633 daAuts
